cohdb
Replays
Latest Replays
All Replays
Popular Replays
Top Player Replays
Match Explorer
How It Works
Community
CoH3 Stats
Reddit
Sign in to upload your games and track your stats! →
Sign in with Steam
Match 45848254
Unlisted
Match 45848254
Overview
Messages
Build Orders
End
Scout Squad
Selects Special Operations Battlegroup
Selects M29 Weasel Recon Vehicle
M29 Weasel Recon Vehicle
Construct Weapon Support Center
Bazooka Squad
M1919 Machine Gun Team
M1919 Machine Gun Team
Mechanized Support Center
Bazooka Squad
Construct Motor Pool
M8 Greyhound Armored Car
M8 Greyhound Armored Car
Improvised Armor
M1 Anti-tank Gun Team
Designate Forward Repair Station
Engineer Squad
Selects Raiding Flares
Selects SSF Commando Squad
SSF Commando Squad
Raiding Flares
Construct Tank Depot
Selects Mark Vehicle
Selects UNKNOWN (2162291)
M4A1 Sherman Whizbang
Improved M9 Bazooka Rockets
Mark Vehicle
Raiding Flares
M4A1 Sherman Medium Tank
Jesus Christ Loves You, Ask Him
Hydra7-1
~TAB~ THUND3RCHUNKY
Nice Guy Eddie
0
0
Comments
sign in to comment!
No comments posted yet!